 Dungeon Crawl Stone Soup version 0.29.1-15-g9cfb28693d (webtiles) character file.

Game seed: 13312727970717437598

3201 Anriel the Carver (level 10, 0/99 HPs)
             Began as a Human Gladiator on Mar 15, 2023.
             Was a Believer of Okawaru.
             Succumbed to a red devil's poison
             ... in a bailey.
             The game lasted 00:28:47 (6604 turns).

Anriel the Carver (Human Gladiator)                 Turns: 6604, Time: 00:28:49

Health: 0/99       AC: 17    Str:  9    XL:     10   Next: 17%
Magic:  9/9        EV: 17    Int: 14    God:    Okawaru [**....]
Gold:   364        SH:  0    Dex: 22    Spells: 9/9 levels left

rFire   . . .      SeeInvis .   d - +4 falchion (flame)
rCold   . . .      Faith    .   (no shield)
rNeg    . . .      Spirit   .   i - +0 ring mail
rPois   .          Reflect  .   c - +2 helmet
rElec   +          Harm     .   (no cloak)
rCorr   .          Rampage  .   r - +0 pair of gloves "Hikhluts" {+Inv rElec Str-5 Int+5}
Will    .....      Rnd*Tele +   z - +2 pair of boots of Filth {Dex+3}
Stlth   ..........              (no amulet)
HPRegen 0.26/turn               h - +4 ring of protection
MPRegen 0.11/turn               x - +4 ring of evasion

@: berserking, lethally poisoned (0 -> -24), spiked, very quick
A: frail 1, low MP 1, teleportitis 1
a: Renounce Religion, Evoke Invisibility, Heroism


You were in a bailey.
You worshipped Okawaru.
Okawaru was pleased with you.
You visited 2 branches of the dungeon, and saw 8 of its levels.
You also visited: Bailey.

You collected 364 gold pieces.

Inventory:

Hand Weapons
 a - a +1 long sword of flaming
 b - a +0 shortbow
 d - a +4 falchion of flaming (weapon)
Missiles
 e - a javelin
 n - 3 boomerangs
 D - a throwing net (quivered)
Armour
 c - a +2 helmet (worn)
 i - a +0 ring mail (worn)
 r - the +0 pair of gloves "Hikhluts" (worn) {+Inv rElec Str-5 Int+5}
   (You found it on level 3 of the Dungeon)

   Str:       It affects your strength (-5).
   Int:       It affects your intelligence (+5).
   rElec:     It insulates you from electricity.
   +Inv:      It lets you turn invisible.
 s - a +2 kite shield
 z - the +2 pair of boots of Filth (worn) {Dex+3}
   (You found it on level 5 of the Dungeon)

   Dex:       It affects your dexterity (+3).
Jewellery
 f - a ring of flight
 h - a +4 ring of protection (left hand)
 p - a ring of poison resistance
 x - a +4 ring of evasion (right hand)
 y - a +6 ring of strength
Wands
 t - a wand of flame (7)
 A - a wand of charming (13)
 C - a wand of roots (9)
Scrolls
 g - 4 scrolls of enchant armour
 k - 2 scrolls of amnesia
 o - 2 scrolls of fear
 w - a scroll of teleportation
 E - a scroll of fog
Potions
 j - 2 potions of mutation
 l - a potion of curing
 q - a potion of haste {unknown}
 u - a potion of berserk rage
 v - a potion of lignification {unknown}
 B - a potion of heal wounds {unknown}


   Skills:
 - Level 5.0 Fighting
 * Level 9.2 Long Blades
 * Level 5.2 Ranged Weapons
 - Level 2.0 Throwing
 - Level 5.1 Armour
 - Level 5.0 Dodging
 + Level 3.5 Evocations


You had 9 spell levels left.
You didn't know any spells.
Your spell library contained the following spells:

 Spells                   Type           Power      Damage    Failure   Level
 Dazzling Flash           Conj/Hex       0%         N/A       91%         3
 Ignite Poison            Fire/Tmut/Pois 0%         N/A       91%         3
 Mephitic Cloud           Conj/Pois/Air  0%         N/A       91%         3
 Iskenderun's Mystic Bla  Conj/Tloc      0%         2d3       100%        4
 Freezing Cloud           Conj/Ice/Air   0%         6-21      100%        5
 Starburst                Conj/Fire      0%         6d3       100%        6


Dungeon Overview and Level Annotations

Branches:
Dungeon (7/15)             Temple (1/1) D:7          Bailey (1/1)

Altars:
Ashenzari
Cheibriados
Dithmenos
Fedhas
Gozag
Hepliaklqana
Kikubaaqudgha
Makhleb
Nemelex Xobeh
Okawaru
Qazlal
Ru
Sif Muna
Trog
Uskayaw
Vehumet
Wu Jian
Xom
Yredelemnul
Zin
The Shining One


Innate Abilities, Weirdness & Mutations

You are frail. (-10% HP)
Your magical capacity is low. (-10% MP)
You are occasionally teleported next to monsters.


Message History

Barbed spikes become lodged in your body.
You hit the orc sorcerer. You burn the orc sorcerer.
The orc sorcerer is severely wounded.
You feel sick. The orc sorcerer misses you.
The red devil hits you but does no damage.
You are more poisoned.
You closely miss the orc sorcerer.
The orc sorcerer is severely wounded.
* * * LOW HITPOINT WARNING * * *
You feel very sick. The orc sorcerer closely misses you.
The red devil hits you with a +2 demon trident of venom.
* * * LOW HITPOINT WARNING * * *
Barbed spikes become lodged in your body.
You feel better.
The orc sorcerer mumbles some strange words.
The red devil hits you with a +2 demon trident of venom.
* * * LOW HITPOINT WARNING * * *
Barbed spikes become lodged in your body.
You are lethally poisoned!
Unknown command.
Okay, then.
Okay, then.
It was a potion of berserk rage.
A red film seems to cover your vision as you go berserk!
You feel yourself moving faster!
You feel mighty!
You feel very sick. The orc sorcerer closely misses you.
The red devil hits you with a +2 demon trident of venom!
* * * LOW HITPOINT WARNING * * *
Barbed spikes become lodged in your body.
You are more poisoned.
The rust devil completely misses you.
You slice the orc sorcerer!! You burn the orc sorcerer.
You kill the orc sorcerer!
Okawaru is honoured by your kill.
The red devil disappears in a puff of smoke!
The smoke demon disappears in a puff of smoke!
The rust devil disappears in a puff of smoke!
You die...

#≈≈≈≈≈≈≈≈~.# #.... #.~≈
#≈≈≈≈≈≈≈≈~.# #.... #.~≈
#≈≈≈≈≈≈≈≈~.# #'### #.~≈
#≈≈≈≈≈≈≈≈~.# #)).# #.~≈
#≈≈≈≈≈≈≈≈~.# #)).# #.~≈
#≈≈≈≈≈≈≈≈~.# ###'# ## #.~≈
#≈≈≈≈≈≈≈≈~.# #§..# .# #.~≈
#≈≈≈≈≈≈≈≈#+#+ #)###8.8###'# '#'#≈
#≈≈≈≈≈≈≈≈#... #.@.#...#.[[# ...#≈
#≈≈≈≈≈≈≈≈#....#§§.#...#.[[#....#≈
#≈≈≈≈≈≈≈≈# #..######.######.g###≈
#≈≈≈≈≈≈≈≈# ........∩........'.#≈
#≈≈≈≈≈≈≈≈######~~~~~~~~~)~######≈
#≈≈≈≈≈≈≈≈≈≈≈≈≈≈≈≈≈≈≈≈≈≈≈≈≈≈≈≈≈≈≈≈
#≈≈≈≈≈≈≈≈≈≈≈≈≈≈≈≈≈≈≈≈≈≈≈≈≈≈≈≈≈≈≈≈
#≈≈≈≈≈≈≈≈≈≈≈≈≈≈≈≈≈≈≈≈≈≈≈≈≈≈≈≈≈≈≈≈
#≈≈≈≈≈≈≈≈≈≈≈≈≈≈≈≈≈≈≈≈≈≈≈≈≈≈≈≈≈≈≈≈


There were no monsters in sight!

Vanquished Creatures
  An orc high priest (Bailey)
  An orc sorcerer (Bailey)
  Prince Ribbit (D:6)
  Grinder (D:6)
  Sigmund (D:4)
  Eustachio (D:4)
  Edmund (D:6)
  2 ice beasts
  A black bear (D:6)
  An ogre (D:6)
  An orc warrior (Bailey)
  A centaur (D:5)
  Blork the orc (D:4)
  2 kobold brigands
  A necrophage (D:7)
  2 scorpions
  8 electric eels (Bailey)
  2 hounds (D:6)
  A gnoll bouda (D:6)
  An orc priest (D:7)
  Ijyb (D:3)
  2 iguanas (D:5)
  3 orc wizards
  9 gnolls
  7 adders
  A white imp (D:7)
  2 ufetubi
  3 worms
  3 dart slugs
  13 orcs
  3 bats
  10 endoplasms
  5 giant cockroaches
  9 hobgoblins
  8 jackals
  17 kobolds
  5 quokkas
  7 ball pythons
  2 frilled lizards
  6 goblins
  6 rats
153 creatures vanquished.

Notes
Turn   | Place    | Note
-------+----------+-------------------------------------------
     0 | D:1      | Anriel the Human Gladiator began the quest for the Orb.
     0 | D:1      | Reached XP level 1. HP: 16/16 MP: 1/1
    53 | D:1      | Reached XP level 2. HP: 17/22 MP: 2/2
   733 | D:1      | Reached XP level 3. HP: 7/27 MP: 3/3
  1694 | D:2      | Reached XP level 4. HP: 27/34 MP: 4/4
  2611 | D:3      | Reached skill level 4 in Long Blades
  2719 | D:3      | Found a large runed translucent door.
  2721 | D:3      | Found a large runed translucent door.
  2729 | D:3      | Noticed Ijyb
  2784 | D:3      | Reached XP level 5. HP: 28/39 MP: 5/5
  2850 | D:3      | Found a faded altar of an unknown god.
  2855 | D:3      | Found a sacrificial altar of Ru.
  2882 | D:3      | Identified the +0 pair of gloves "Hikhluts" {+Inv rElec
                  | Str-5 Int+5}
  2887 | D:3      | Found a faded altar of an unknown god.
  3224 | D:3      | Killed Ijyb
  3232 | D:3      | Found a burning altar of Makhleb.
  3237 | D:3      | Found a shadowy altar of Dithmenos.
  3321 | D:4      | Noticed Sigmund
  3488 | D:4      | Killed Sigmund
  3489 | D:4      | Reached skill level 5 in Long Blades
  3489 | D:4      | Reached skill level 5 in Dodging
  3489 | D:4      | Reached XP level 6. HP: 23/47 MP: 6/6
  3930 | D:4      | Noticed Eustachio
  3931 | D:4      | Noticed Blork the orc
  3969 | D:4      | Killed Blork the orc
  3970 | D:4      | Reached skill level 1 in Armour
  3970 | D:4      | Reached XP level 7. HP: 30/52 MP: 7/7
  4008 | D:4      | Killed Eustachio
  4545 | D:5      | Entered Level 5 of the Dungeon
  4647 | D:5      | Reached skill level 6 in Long Blades
  4647 | D:5      | Reached XP level 8. HP: 60/60 MP: 8/8
  4649 | D:5      | Identified the +2 pair of boots of Filth {Dex+3}
  5076 | D:6      | Reached skill level 7 in Long Blades
  5171 | D:6      | Noticed Edmund
  5189 | D:6      | Killed Edmund
  5190 | D:6      | Reached skill level 5 in Fighting
  5190 | D:6      | Reached skill level 5 in Armour
  5190 | D:6      | Reached XP level 9. HP: 52/68 MP: 9/9
  5249 | D:6      | Noticed Prince Ribbit
  5268 | D:6      | Killed Prince Ribbit
  5269 | D:6      | Reached skill level 1 in Ranged Weapons
  5269 | D:6      | Reached skill level 1 in Evocations
  5337 | D:6      | Found an ancient bone altar of Kikubaaqudgha.
  5338 | D:6      | Found a glowing silver altar of Zin.
  5338 | D:6      | Found a basalt altar of Yredelemnul.
  5430 | D:6      | Noticed Grinder
  5434 | D:6      | Paralysed by Grinder for 3 turns
  5442 | D:6      | Killed Grinder
  5443 | D:6      | Reached skill level 8 in Long Blades
  5637 | D:7      | Found a staircase to the Ecumenical Temple.
  5654 | Temple   | Entered the Ecumenical Temple
  5672 | Temple   | Became a worshipper of Warmaster Okawaru
  5887 | D:7      | Found a flagged portal.
  5893 | Bailey   | Entered a bailey
  5999 | Bailey   | Noticed an orc high priest
  6346 | Bailey   | Gained mutation: You are frail. (-10% HP) [a neqoxec]
  6355 | Bailey   | Gained mutation: Your magical capacity is low. (-10% MP) [a
                  | neqoxec]
  6386 | Bailey   | Noticed an orange demon
  6410 | Bailey   | Gained mutation: You are occasionally teleported next to
                  | monsters. [a neqoxec]
  6413 | Bailey   | Noticed a soul eater
  6414 | Bailey   | Killed an orc high priest
  6414 | Bailey   | Reached * piety under Okawaru
  6415 | Bailey   | Reached skill level 9 in Long Blades
  6415 | Bailey   | Reached skill level 5 in Ranged Weapons
  6415 | Bailey   | Reached XP level 10. HP: 17/66 MP: 9/9
  6574 | Bailey   | Noticed an orc sorcerer
  6597 | Bailey   | Noticed a smoke demon
  6603 | Bailey   | Noticed a rust devil
  6603 | Bailey   | HP: 3/99 [red devil/+2 demon trident of venom[an orc
                  | sorcerer] (9)]
  6604 | Bailey   | Killed an orc sorcerer
  6604 | Bailey   | Reached ** piety under Okawaru
  6604 | Bailey   | Succumbed to a red devil's poison

Illustrated notes

Levels and vault maps discovered:
D:1:      dpeg_arrival_subterranean_lakeside_camping, layout_loops_ring
D:2:      layout_basic, serial_aquarium, aquarium_bridge_square
          [aquarium_subvault_wall, aquarium_subvault_window,
          aquarium_subvault_bridge, aquarium_subvault_balcony],
          aquarium_bridge_straight [aquarium_subvault_bridge,
          aquarium_subvault_balcony, aquarium_subvault_bridge,
          aquarium_subvault_wall], aquarium_window_double, aquarium_window_2,
          aquarium_view_2f, aquarium_view_4, aquarium_pool_four,
          ebering_dispersal_statue_hall, minmay_pentomino_q2
D:3:      layout_basic, nicolae_overflow_ecumenical_swirl,
          jmf_multi_god_temple2, basic_ecumenical_altar, uniq_ijyb
D:4:      layout_cave_pods, uniq_blork_the_orc, uniq_sigmund, uniq_eustachio
D:5:      layout_rooms, minmay_misc_feat_more_columns
D:6:      layout_rooms, chequers_temple_overflow_statue_of_worship, uniq_edmund,
          uniq_prince_ribbit1, uniq_grinder
D:7:      layout_loops_ring, nicolae_overflow_hidden_temple,
          minmay_temple_entry_proselytizer, nicolae_ossuary_entry_ruins,
          enter_bailey_2, serial_shops, shop_fountains
Temple:   nicolae_temple_bog_church
Bailey:   bailey_axe_of_yendor_kennysheep, bailey

Skill      XL: |  1  2  3  4  5  6  7  8  9 |
---------------+----------------------------+-----
Long Blades    | 4 5 6 7 9 |  9.2
Dodging        | 4 5 |  5.0
Fighting       | 3 4 5 |  5.0
Armour         | 1 3 5 |  5.1
Ranged Weapons | 5 |  5.2
Evocations     | 3 |  3.5
Throwing       | |  2.0

Action                   |  1- 3 |  4- 6 |  7- 9 | 10-12 || total
-------------------------+-------+-------+-------+-------++-------
Melee: Long sword        |    78 |   153 |    15 |       ||   246
       Punch             |       |     2 |     4 |       ||     6
       Falchion          |       |       |   222 |    17 ||   239
 Fire: Shortbow          |       |       |    74 |     2 ||    76
Throw: Throwing net      |       |     3 |       |       ||     3
       Javelin           |       |       |     1 |       ||     1
Evoke: Wand              |       |       |     5 |     1 ||     6
  Use: Scroll            |     5 |     6 |     2 |       ||    13
       Potion            |       |       |     3 |     3 ||     6
 Stab: Sleeping          |     1 |       |     1 |       ||     2
       Held in net/web   |       |     1 |       |       ||     1
       Invisible         |       |       |     5 |       ||     5
Armor: Leather armour    |     8 |       |       |       ||     8
       Ring mail         |    13 |    66 |    96 |     6 ||   181
Dodge: Dodged            |    48 |   113 |   200 |    16 ||   377
